 Dungeon Crawl Stone Soup version 0.22-a0-803-gd6d8abe (webtiles) character file.

94 sking99 the Insei (level 4, -1/29 HPs)
             Began as an Octopode Transmuter on July 22, 2018.
             Was an Initiate of Makhleb.
             Slain by an orc
             ... wielding a +0 short sword
              (5 damage)
             ... on level 3 of the Dungeon.
             The game lasted 00:03:37 (2530 turns).

sking99 the Insei (Octopode Transmuter)             Turns: 2530, Time: 00:03:38

Health: -1/29      AC:  1    Str:  9    XL:     4   Next: 63%
Magic:  1/7        EV: 14    Int: 15    God:    Makhleb [......]
Gold:   48         SH:  0    Dex: 13    Spells: 1/7 levels left

rFire    . . .     SeeInvis .     - Unarmed
rCold    . . .     Gourm    .   (no shield)
rNeg     . . .     Faith    .   (helmet restricted)
rPois    .         Spirit   .   (no amulet)
rElec    .         Reflect  .   (no ring)
rCorr    .         Harm     .   (no ring)
MR       .....                  (no ring)
Stlth    ++........             (no ring)
HPRegen  0.09/turn              (no ring)
MPRegen  0.10/turn              (no ring)
                                (no ring)
                                (no ring)

@: appendage, very slightly contaminated
A: almost no armour, stealthy swim, amphibious, 8 rings, constrict 8, tentacle
spike 3, camouflage 1, gelatinous body 1
a: End Transformation, Renounce Religion


You were on level 3 of the Dungeon.
You worshipped Makhleb.
Makhleb was noncommittal.
You were not hungry.
One of your tentacles had a temporary spike.
You visited 1 branch of the dungeon, and saw 3 of its levels.

You collected 48 gold pieces.

Inventory:

Missiles
 a - 35 arrows
Jewellery
 b - an uncursed amulet of regeneration {unknown}
Scrolls
 d - a scroll of immolation {unknown}
 f - a scroll of magic mapping {unknown}
 g - a scroll of enchant armour {unknown}
 i - a scroll of blinking {unknown}
 k - 4 scrolls of identify {unknown}
Potions
 e - a potion of ambrosia {unknown}
 j - a potion of berserk rage {unknown}
Comestibles
 c - 3 rations
 h - 2 chunks of flesh


   Skills:
 - Level 2.0 Fighting
 - Level 2.6 Dodging
 + Level 4.1 Unarmed Combat
 - Level 2.0 Spellcasting
 + Level 2.2 Transmutations
 + Level 1.1 Poison Magic


You had one spell level left.
You knew the following spells:

 Your Spells              Type           Power        Failure   Level  Hunger
a - Beastly Appendage     Tmut           #.....       9%          1    #......
b - Sticks to Snakes      Tmut           #.......     13%         2    ###....
c - Spider Form           Tmut/Pois      #.........   32%         3    ###....

Your spell library contained the following spells:

 Spells                   Type           Power        Failure   Level  Hunger
 Blade Hands              Tmut           #.........   94%         5    ######.
 Ice Form                 Ice/Tmut       #.......     80%         4    #####..


Dungeon Overview and Level Annotations

Branches:
Dungeon (3/15)

Altars:
Makhleb
Nemelex Xobeh
Vehumet


Innate Abilities, Weirdness & Mutations

You cannot wear most types of armour.
You are very stealthy in the water. (Stealth+)
You are amphibious.
You can wear up to eight rings at the same time.
You can use your tentacles to constrict eight enemies at once.
Your skin changes colour to match your surroundings (Stealth+).
Your rubbery body absorbs attacks. (AC +1, EV +1)
One of your tentacles bears a large vicious spike.


Message History

The orc is lightly wounded.
You constrict the orc, but do no damage.
The quokka closely misses you. The kobold misses you.
The orc closely misses you. The orc wizard barely misses you.
You tentacle-slap the orc but do no damage.
Your tentacle spike misses the orc.
The orc is lightly wounded.
You constrict the orc. The quokka closely misses you.
The orc hits you with a falchion. The kobold closely misses you.
The orc closely misses you. The quokka closely misses you.
You tentacle-slap the orc but do no damage.
You pierce the orc.
The orc is heavily wounded.
You constrict the orc, but do no damage.
The orc wizard casts a spell at you. The magic dart hits you!
* * * LOW HITPOINT WARNING * * *
The orc closely misses you. The kobold closely misses you.
The quokka closely misses you. The orc hits you with a short sword.
You die...

.# ♣.♣ # .# ♣.♣ #. ##.
♣.♣ ...#..## ♣.♣ #.r..#
♣.♣♣ #.#####.>##### ♣♣.♣♣
.#....)#.(...## ♣♣.♣
#......roK....#####.#####
##>.$..o@o...............
#.....##################
#.%... ######


You could see an orc wizard, 2 orcs, a quokka and a kobold.

Vanquished Creatures
  An orc priest (D:3)
  2 adders (D:2)
  An ooze (D:3)
  A dart slug (D:2)
  A leopard gecko (D:3)
  2 giant cockroaches (D:2)
  10 goblins
  A hobgoblin (D:2)
  5 bats
  5 frilled lizards
  7 kobolds
  6 rats
42 creatures vanquished.

Notes
Turn   | Place    | Note
-------+----------+-------------------------------------------
     0 | D:1      | sking99 the Octopode Transmuter began the quest for the Orb.
     0 | D:1      | Reached XP level 1. HP: 13/13 MP: 3/3
   424 | D:1      | Reached XP level 2. HP: 18/18 MP: 3/5
  1107 | D:2      | Learned a level 2 spell: Sticks to Snakes
  1386 | D:2      | Reached XP level 3. HP: 23/23 MP: 3/6
  1443 | D:2      | Found a sparkling altar of Nemelex Xobeh.
  1445 | D:2      | Found a burning altar of Makhleb.
  1490 | D:2      | Became a worshipper of Makhleb the Destroyer
  1712 | D:2      | Found a radiant altar of Vehumet.
  2189 | D:3      | Reached skill level 4 in Unarmed Combat
  2189 | D:3      | Reached XP level 4. HP: 25/29 MP: 7/7
  2196 | D:3      | Learned a level 3 spell: Spider Form
  2526 | D:3      | Reached skill level 1 in Poison Magic
  2530 | D:3      | Slain by an orc

Vault maps used:
D:1:      dpeg_arrival_tiny_f, grunt_decor_cap, minmay_misc_feat_iff,
          minmay_gold_behind_fungi
D:2:      lemuel_doored_altar, minitemple
D:3:      kb_forest_paths, kiku_gazebo_pond_becter

Skill      XL: |  1  2  3  4 |
---------------+-------------+-----
Unarmed Combat | 4 |  4.1
Fighting       | 2 |  2.0
Poison Magic   | 1 |  1.1
Dodging        | |  2.6
Spellcasting   | |  2.0
Transmutations | |  2.2

Action                   |  1- 3 |  4- 6 || total
-------------------------+-------+-------++-------
Melee: Unarmed           |    75 |    17 ||    92
       Constrict         |    24 |     4 ||    28
       Tentacles         |    14 |     2 ||    16
       Kick              |    10 |     4 ||    14
       Punch             |     3 |       ||     3
 Cast: Beastly Appendage |    15 |     2 ||    17
 Stab: Sleeping          |     3 |     1 ||     4
  Eat: Chunk             |     1 |     1 ||     2
       Ration            |     1 |       ||     1
Armor: Skin              |     6 |     1 ||     7
Dodge: Dodged            |    38 |    30 ||    68

Table legend:
 A = Spawn XP
 B = Non-spawn XP
 C = Spawn XP percentage of total XP
 D = Spawn monster count
 E = Non-spawn monster count
 F = Spawn count percentage of total count
 G = Total turns spent on level
                    A         B        C        D         E        F      G
               +---------+---------+-------+---------+---------+-------+---------
         Total |       0 |     135 |   0.0 |       0 |      42 |   0.0 |  2530
               +---------+---------+-------+---------+---------+-------+---------
           D:1 |       0 |      21 |   0.0 |       0 |      14 |   0.0 |  1095
           D:2 |       0 |      51 |   0.0 |       0 |      18 |   0.0 |  1081
           D:3 |       0 |      63 |   0.0 |       0 |      10 |   0.0 |   354
               +---------+---------+-------+---------+---------+-------+---------
